 Dungeon Crawl Stone Soup version 0.15.2 (webtiles) character file.

121 Heini the Covered (level 4, -6/41 HPs)
             Began as a Minotaur Fighter on Feb 21, 2015.
             Mangled by a gnoll
             ... wielding a +0 halberd
              (7 damage)
             ... on Level 3 of the Dungeon.
             The game lasted 00:04:15 (1966 turns).

Heini the Covered (Minotaur Fighter)                Turns: 1966, Time: 00:04:15

HP  -6/41        AC 12     Str 22      XL: 4   Next: 77%
MP   2/2         EV  4     Int  5      God:
Gold 91          SH  9     Dex  9      Spells:  0 memorised,  3 levels left

rFire  . . .     SeeInvis .     a - +0 flail
rCold  . . .     Clarity  .     l - +0 plate armour
rNeg   . . .     rCorr    .     c - +0 shield
rPois  .         rRot     .     (helmet restricted)
rElec  .         Spirit   .     (no cloak)
SustAb .         Warding  .     (no gloves)
rMut   .         Stasis   .     (no boots)
Gourm  .                        (no amulet)
MR     .....                    (no ring)
                                (no ring)

@: not resistant to hostile enchantments, extremely unstealthy
A: retaliatory headbutt, horns 2
a: no special abilities


You were on level 3 of the Dungeon.
You were not hungry.

You visited 1 branch of the dungeon, and saw 3 of its levels.

You collected 91 gold pieces.

Inventory:

Hand weapons
 a - a +0 flail (weapon)
Armour
 c - a +0 shield (worn)
 l - a +0 plate armour (worn)
Comestibles
 d - 2 bread rations
 f - 2 slices of pizza
 g - a chunk of bat flesh
 k - a chunk of rat flesh
 p - a meat ration
Potions
 b - a potion of resistance
 e - a potion of might
 h - a potion of heal wounds
 i - a potion of berserk rage {unknown}
 j - a potion of restore abilities {unknown}
 n - a potion of cure mutation


   Skills:
 * Level 4.8 Fighting
 * Level 3.2 Maces & Flails
 * Level 5.4 Armour
 - Level 3.6 Shields


You had 3 spell levels left.
You didn't know any spells.

Dungeon Overview and Level Annotations

Branches:
Dungeon (3/15)

Altars:
Xom
Yredelemnul


Innate Abilities, Weirdness & Mutations

You reflexively headbutt those who attack you in melee.
You have a pair of horns on your head.


Message History

The gnoll is almost dead.
You block the gnoll's attack. The gnoll hits you but does no damage.
Your plate armour prevents you from hitting the gnoll.
The gnoll is almost dead.
You block the gnoll's attack.
The gnoll hits you from afar with a halberd.
You closely miss the gnoll. Your headbutt misses the gnoll.
The gnoll is almost dead.
The gnoll hits you but does no damage. You block the gnoll's attack.
Your shield and plate armour prevent you from hitting the gnoll.
The gnoll is almost dead.
The gnoll hits you but does no damage.
The gnoll hits you from afar with a halberd.
* * * LOW HITPOINT WARNING * * *
You closely miss the gnoll. You headbutt the gnoll.
You kill the gnoll!
The gnoll hits you from afar with a halberd!
* * * LOW HITPOINT WARNING * * *
The gnoll hits you with a halberd!
You die...

###### ########### #....#
###.........#####....######
.........%..'...@g.....>..#
..#.........#.###....##...#
..%........##.# #....# #
..######.#.##.# #.$..#
..### #.#.##.# #....# ....#
#.#.##.# #....# ###.#
#....#.# ###### # ...
#.#..#.# # ## #.#..#.#


You could see a gnoll.

Vanquished Creatures
  3 gnolls (D:3)
  2 adders
  A giant mite (D:2)
  2 worms (D:2)
  A giant gecko (D:1)
  An ooze (D:1)
  5 bats
  A giant cockroach (D:2)
  8 goblins
  4 hobgoblins
  8 jackals (D:2)
  8 kobolds
  A quokka (D:2)
  3 giant newts
  4 rats
52 creatures vanquished.

Notes
Turn   | Place    | Note
--------------------------------------------------------------
     0 | D:1      | Heini, the Minotaur Fighter, began the quest for the Orb.
     0 | D:1      | Reached XP level 1. HP: 19/19 MP: 1/1
   113 | D:1      | Reached skill level 4 in Armour
   118 | D:1      | Reached XP level 2. HP: 25/27 MP: 1/1
   804 | D:2      | Found a shimmering altar of Xom.
   832 | D:2      | Reached XP level 3. HP: 22/33 MP: 2/2
   882 | D:2      | HP: 1/33 [poisoned by an adder]
  1325 | D:2      | Found a basalt altar of Yredelemnul.
  1619 | D:2      | Reached XP level 4. HP: 36/41 MP: 2/2
  1830 | D:3      | Reached skill level 5 in Armour
  1965 | D:3      | HP: 1/41 [gnoll/halberd (11)]
  1966 | D:3      | Mangled by a gnoll

Action                   |  1- 3 |  4- 6 || total
-------------------------+-------+-------++-------
Melee: Flail             |   141 |    49 ||   190
  Use: Potion            |     1 |     1 ||     2
       Scroll            |       |     6 ||     6
  Eat: Chunk             |     2 |     2 ||     4
